 Dungeon Crawl Stone Soup version 0.29-a0-356-g7bc237e783 (webtiles) character file.

Game seed: 17595988103103259620

40 domi the Conjurer (level 3, 0/24 HPs)
             Began as a Demonspawn Hedge Wizard on Apr 25, 2022.
             Slain by an adder (2 damage)
             ... on level 2 of the Dungeon.
             The game lasted 00:01:44 (1513 turns).

domi the Conjurer (Demonspawn Hedge Wizard)         Turns: 1513, Time: 00:01:45

Health: 0/24       AC:  2    Str: 10    XL:     3   Next: 30%
Magic:  0/7        EV: 12    Int: 17    God:
Gold:   67         SH:  0    Dex: 12    Spells: 7/8 levels left

rFire   . . .      SeeInvis .   a - +0 dagger
rCold   . . .      Faith    .   (no shield)
rNeg    . . .      Spirit   .   b - +0 robe
rPois   .          Reflect  .   c - +0 hat
rElec   .          Harm     .   (no cloak)
rCorr   .          Rampage  .   (no gloves)
Will    .....                   (no boots)
Stlth   ++........              (no amulet)
HPRegen 0.08/turn               (no ring)
MPRegen 0.10/turn               (no ring)

@: lethally poisoned (0 -> -2)
A: antennae 1, powered by death 1
a: no special abilities


You were on level 2 of the Dungeon.
You visited 1 branch of the dungeon, and saw 2 of its levels.

You collected 67 gold pieces.

Inventory:

Hand Weapons
 a - a +0 dagger (weapon)
Armour
 b - a +0 robe (worn)
 c - a +0 hat (worn)
 e - a +0 pair of boots
   (You found it on level 1 of the Dungeon)
Magical Staves
 h - a staff of earth
   (You found it on level 1 of the Dungeon)
Scrolls
 f - a scroll of identify {unknown}
 i - a scroll of amnesia {unknown}
 j - a scroll of fog {unknown}
 k - a scroll of enchant armour {unknown}
Potions
 d - a potion of magic
 g - a potion of heal wounds {unknown}


   Skills:
 - Level 1.7 Dodging
 - Level 1.7 Stealth
 - Level 3.0 Spellcasting
 * Level 3.3 Conjurations
 - Level 1.0 Summonings
 - Level 0.8 Translocations


You had 7 spell levels left.
You knew the following spells:

 Your Spells              Type           Power      Damage    Failure   Level
z - Magic Dart            Conj           52%        1d5       4%          1

Your spell library contained the following spells:

 Spells                   Type           Power      Damage    Failure   Level
 Slow                     Hex            8%         N/A       17%         1
 Call Imp                 Summ           5%         N/A       17%         2
 Blink                    Tloc           10%        N/A       19%         2
 Corpse Rot               Necr/Air       4%         N/A       26%         2
 Poisonous Vapours        Pois/Air       4%         N/A       26%         2
 Conjure Flame            Conj/Fire      8%         6-21      26%         3
 Mephitic Cloud           Conj/Pois/Air  6%         N/A       32%         3


Dungeon Overview and Level Annotations

Branches:
Dungeon (2/15)

Altars:


Innate Abilities, Weirdness & Mutations

You have a pair of small antennae on your head.
You regenerate a little health from kills.


Message History

You don't have enough magic to cast this spell.
You don't have enough magic to cast this spell.
You don't have enough magic to cast this spell.
Unknown command.
The adder hisses angrily.
You hit the endoplasm but do no damage. The endoplasm freezes you.
You are frozen.
You take 3 damage, and have 19/24 hp.
You hit the endoplasm but do no damage. The endoplasm freezes you.
You are frozen.
You take 2 damage, and have 17/24 hp.
You hit the endoplasm.
You kill the endoplasm!
The ball python bites you. The ball python barely misses you.
You take 1 damage, and have 16/24 hp.
You hit the ball python but do no damage.
The ball python bites you. The ball python grabs you.
The ball python constricts you.
You take 3 damage, and have 13/24 hp.
You hit the ball python.
You kill the ball python!
The adder closely misses you.
You hit the adder. The adder bites you but does no damage.
You hit the adder. The adder closely misses you.
You closely miss the adder. The adder misses you. The adder closely misses you.
You hit the adder but do no damage. The adder closely misses you.
You miss the adder. The adder bites you.
You take 3 damage, and have 13/24 hp.
You miss the adder. The adder bites you but does no damage.
You closely miss the adder. The adder bites you. The adder misses you.
You take 1 damage, and have 12/24 hp.
You closely miss the adder. The adder closely misses you.
You hit the adder. The adder barely misses you.
Aim: an adder (heavily wounded, 100% to hit)
The magic dart hits the adder.
The adder barely misses you. The adder bites you.
You are poisoned.
The adder poisons you!
You take 2 damage, and have 11/24 hp.
You now have 1/7 mp.
Aim: an adder (severely wounded, 100% to hit)
The magic dart hits the adder.
You kill the adder!
You feel sick.
You now have 0/7 mp.
Okay, then.
You feel sick.
You feel sick.
You feel sick.
You take 1 damage, and have 10/24 hp.
You feel sick.
You are no longer poisoned.
You take 1 damage, and have 9/24 hp.
You start resting.
An adder comes into view.
You regained 2 hp, and now have 11/24 hp.
You regained 3 mp, and now have 3/7 mp.
Aim: an adder (wandering, hasn't noticed you, 100% to hit)
The magic dart hits the adder.
The adder hisses angrily.
You now have 2/7 mp.
You can't see any susceptible monsters within range! (Use Z to cast anyway.)
You can't see any susceptible monsters within range! (Use Z to cast anyway.)
You can't see any susceptible monsters within range! (Use Z to cast anyway.)
You start resting.
An adder is nearby!
Aim: an adder (moderately wounded, 100% to hit)
The magic dart hits the adder but does no damage.
You now have 1/7 mp.
Aim: an adder (moderately wounded, 100% to hit)
The magic dart hits the adder.
You now have 0/7 mp.
You don't have enough magic to cast this spell.
You don't have enough magic to cast this spell.
You don't have enough magic to cast this spell.
You don't have enough magic to cast this spell.
Unknown command.
You hit the adder but do no damage. The adder closely misses you.
You closely miss the adder. The adder closely misses you.
You hit the adder. The adder misses you. The adder bites you.
You take 2 damage, and have 10/24 hp.
Aim: an adder (almost dead, 100% to hit)
The magic dart hits the adder.
The adder bites you.
* * * LOW HITPOINT WARNING * * *
You take 4 damage, and have 6/24 hp.
You now have 0/7 mp.
You closely miss the adder. The adder bites you.
* * * LOW HITPOINT WARNING * * *
You are lethally poisoned!
The adder poisons you!
You take 2 damage, and have 4/24 hp.
You miss the adder.
* * * LOW HITPOINT WARNING * * *
You feel sick. The adder bites you but does no damage.
You take 1 damage, and have 3/24 hp.
You closely miss the adder.
* * * LOW HITPOINT WARNING * * *
You feel sick. The adder bites you.
You die...

...............##.##.....
.............#.##.##.###.
#####...######.##.##.# #.
#......# #.##.##.# ##
#.#....#####.##..#.#
##.#.#....##......#.#.#
......)....##.##.#.#.#>#
.##.#.####.##.##.#.#.#.#
#. #@##.##.......####
#.....S.#.####.#.......
.......#.#.####.########
##.###. .#......# .. ..
.######## #.. .. #.# .#
.. .#


You could see an adder.

Vanquished Creatures
  2 adders (D:2)
  3 ball pythons
  4 endoplasms
  A giant cockroach (D:1)
  3 goblins
  A hobgoblin (D:1)
  3 bats (D:1)
  2 frilled lizards (D:1)
  A kobold (D:2)
  A rat (D:1)
21 creatures vanquished.

Notes
Turn   | Place    | Note
-------+----------+-------------------------------------------
     0 | D:1      | domi the Demonspawn Hedge Wizard began the quest for the
                  | Orb.
     0 | D:1      | Reached XP level 1. HP: 13/13 MP: 4/4
   294 | D:1      | Reached skill level 2 in Conjurations
   483 | D:1      | Gained mutation: You regenerate a little health from kills.
                  | [demonic ancestry]
   483 | D:1      | Reached XP level 2. HP: 19/19 MP: 3/6
   636 | D:1      | Found a faded altar of an unknown god.
  1313 | D:2      | Reached skill level 3 in Conjurations
  1452 | D:2      | Gained mutation: You have a pair of small antennae on your
                  | head. [demonic ancestry]
  1452 | D:2      | Reached XP level 3. HP: 24/24 MP: 2/7
  1510 | D:2      | HP: 6/24 [adder (4)]
  1513 | D:2      | HP: 2/24 [poisoned by an adder]
  1513 | D:2      | Slain by an adder

Illustrated notes

Levels and vault maps discovered:
D:1:      minmay_arrival_checkered_box, layout_loops_corners,
          dreamdust_ecumenical_altar_statues, serial_bayou_pond_e
D:2:      layout_loops_cross

Skill      XL: |  1  2 |
---------------+-------+-----
Conjurations   | 2 3 |  3.3
Dodging        | |  1.7
Stealth        | |  1.7
Spellcasting   | |  3.0
Summonings     | |  1.0
Translocations | |  0.8

Action                   || total
-------------------------++-------
Melee: Dagger            ||    20
 Cast: Magic Dart        ||    53
Armor: Robe              ||     5
Dodge: Dodged            ||    16

Table legend: (Time is in decaauts)
 A = Elapsed time spent in this place.
 B = Non-inter-level travel time spent in this place.
 C = Inter-level travel time spent in this place.
 D = Time resting spent in this place.
 E = Time spent auto-exploring this place.
 F = Levels seen in this place.
 G = Mean time per level.
                   A        B        C        D        E       F      G
               +--------+--------+--------+--------+--------+-----+--------+
         Total |   1513 |   1494 |     19 |     31 |   1347 |   2 |  756.5 |
       Dungeon |   1513 |   1494 |     19 |     31 |   1347 |   2 |  756.5 |
               +--------+--------+--------+--------+--------+-----+--------+

Top non-repeatable levels by time:
     D:1: 1257 daAuts
     D:2: 255 daAuts

Table legend:
 A = Kills in this place as a percentage of kills in entire the game.
 B = Kills by you in this place as a percentage of kills by you in the entire game.
 C = Kills by friends in this place as a percentage of kills by friends in the entire game.
 D = Other kills in this place as a percentage of other kills in the entire game.
 E = Experience gained in this place as a percentage of experience gained in the entire game.
 F = Experience gained in this place divided by the number of levels of this place that you have seen.
                   A       B       C       D       E      F
               +-------+-------+-------+-------+-------+----------------------
         Total | 100.0 | 100.0 |   N/A |   N/A | 100.0 |  29.0
       Dungeon | 100.0 | 100.0 |   N/A |   N/A | 100.0 |  29.0
               +-------+-------+-------+-------+-------+----------------------
